 Dungeon Crawl Stone Soup version 0.17-a0-1591-g7a45446 (webtiles) character file.

24349 karlkraus the Peltast (level 12, -1/110 HPs)
             Began as a Minotaur Fighter on July 29, 2015.
             Slain by Snorg (4 damage)
             ... on level 4 of the Lair of Beasts.
             The game lasted 01:01:42 (12165 turns).

karlkraus the Peltast (Minotaur Fighter)           Turns: 12165, Time: 01:01:42

Health: -1/110     AC: 32    Str: 25    XL:     12   Next: 79%
Magic:  11/11      EV: 15    Int:  9    God:    Xom [.*....]
Gold:   748        SH: 16    Dex: 15    Spells: 0 memorised, 11 levels left

rFire  . . .     SeeInvis .     d - +3 flail (protect)
rCold  . . .     Rnd*Rage +     j - +2 crystal plate armour
rNeg   + . .     SustAt   +     c - +1 shield
rPois  .         Gourm    .     m - +2 hat
rElec  .         Spirit   .     (no cloak)
rCorr  .         Warding  +     h - +2 pair of gloves of Divine Compulsion {+Inv Int+2 Dex+4}
rMut   .         Stasis   .     (no boots)
MR     .....                    E - amulet of warding
Stlth  ..........               L - ring of sustain attributes
                                w - +5 ring of evasion

@: about to teleport, very slightly contaminated, invisible, not resistant to
hostile enchantments, extremely unstealthy
A: retaliatory headbutt, hooves 1, horns 2, repulsion field 1, berserk 1, clever
1, spit poison 2
a: Spit Poison, Renounce Religion


You were on level 4 of the Lair of Beasts.
You worshipped Xom.
You were a plaything of Xom.
You were near starving.

You visited 2 branches of the dungeon, and saw 15 of its levels.
You also visited: Ice Cave and Volcano.

You collected 1133 gold pieces.
You spent 385 gold pieces at shops.

Inventory:

Hand weapons
 d - a +3 flail of protection (weapon)
 v - a +4 club of electrocution
Armour
 c - a +1 shield (worn)
 h - the +2 pair of gloves of Divine Compulsion (worn) {+Inv Int+2 Dex+4}
   (You acquired it on level 11 of the Dungeon)

   It affects your intelligence (+2).
   It affects your dexterity (+4).
   It lets you turn invisible.
 j - a +2 crystal plate armour (worn)
 m - a +2 hat (worn)
 B - a +3 plate armour of fire resistance
Rods
 p - a +0 rod of the swarm (12/12)
   (You took it off an orc on level 11 of the Dungeon)
 A - a +4 iron rod (12/12)
   (Xom gifted it to you on level 9 of the Dungeon)
Jewellery
 g - an uncursed amulet of clarity
 o - an uncursed ring of ice
 w - a +5 ring of evasion (left hand)
 E - an amulet of warding (around neck)
 L - a ring of sustain attributes (right hand)
Magical devices
 s - a wand of flame (30)
 y - a wand of enslavement (8)
 G - a wand of draining (10)
 I - a wand of disintegration (15)
 J - a wand of enslavement (13)
 Q - a wand of fireball (6)
Scrolls
 f - 2 scrolls of identify
 k - a scroll of recharging
 l - 11 scrolls of remove curse
 n - 2 scrolls of teleportation
 q - 3 scrolls of magic mapping
 N - a scroll of fog
Potions
 a - 3 potions of curing
 t - a potion of resistance
 u - a potion of ambrosia
 x - 2 potions of lignification
 C - a potion of agility
 F - a potion of brilliance
 K - 2 potions of might
 O - a potion of berserk rage
 R - 2 potions of poison
 V - a potion of cancellation
Books
 H - a book of Callings

   Spells                             Type                      Level
   a - Summon Small Mammal            Summoning                    1
   b - Call Imp                       Summoning                    2
   c - Call Canine Familiar           Summoning                    3
   d - Summon Guardian Golem          Hexes/Summoning              3
   e - Summon Lightning Spire         Summoning/Air                4
   f - Summon Ice Beast               Ice/Summoning                4
 T - a book of Battle

   Spells                             Type                      Level
   a - Infusion                       Charms                       1
   b - Shroud of Golubria             Charms/Translocation         2
   c - Song of Slaying                Charms                       2
   d - Spectral Weapon                Hexes/Charms                 3
   e - Regeneration                   Charms/Necromancy            3
Comestibles
 b - 10 beef jerkies
 e - 6 bread rations
 r - 8 meat rations
 z - 8 royal jellies
 W - 2 fruits


   Skills:
 + Level 11.1 Fighting
 + Level 12.6 Maces & Flails
 + Level 9.9 Armour
 + Level 7.5 Dodging
 + Level 2.0 Stealth
 + Level 15.3 Shields
 + Level 0.2 Unarmed Combat
 + Level 0.5 Evocations


You had 11 spell levels left.
You didn't know any spells.

Dungeon Overview and Level Annotations

Branches:
Dungeon (11/15)            Temple (0/1) D:5            Lair (4/8) D:11
  Snake (0/4) Lair:3          Orc (0/4) D:11
  Swamp: Lair:3-6    Shoals: Lair:3-6

Altars:
Ashenzari
Dithmenos
Elyvilon
Kikubaaqudgha
Nemelex Xobeh
Okawaru
Qazlal
Ru
Trog
Xom
Yredelemnul
Zin

Shops:
D:7 [*

Annotations:
Lair:4 Snorg


Innate Abilities, Weirdness & Mutations

You reflexively headbutt those who attack you in melee.
You have a pair of horns on your head.
You have large cloven feet.
You are surrounded by a mild repulsion field (EV +2).
You tend to lose your temper in combat.
Your mind is acute. (Int +2)
You can spit poison.


Message History

You resist with some effort.
The crocodile bites you but does no damage.
Snorg bites you.
* * * LOW HITPOINT WARNING * * *
Snorg claws you!
* * * LOW HITPOINT WARNING * * *
Snorg claws you but does no damage.
You turn to flesh and can move again.
A crocodile comes into view.
You fade into invisibility!
You block the crocodile's attack. You block the basilisk's attack.
Snorg barely misses you. Snorg claws you but does no damage. Snorg claws you!
* * * LOW HITPOINT WARNING * * *
You are very lightly contaminated with residual magic.
Read which item? (? for menu, Esc to quit)
As you read the scroll of teleportation, it crumbles to dust.
You feel strangely unstable. You block Snorg's attack.
You block Snorg's attack. Snorg claws you.
You die...
Xom snickers!

.........
........##+# Y
.......[..#
........8 ##....[.
l #####..b...## Y
#....#..b†..# .
.........lv.###..
........t@.=......
#....#.bT..#..#.8.
#.......b.....# .
#.#.##.....####...8
#.#......## .....
...........#.....
...t......##...##
............#.....
...............##..


You could see Snorg (berserk), a basilisk and 2 crocodiles.

Vanquished Creatures
  A red draconian (Volcano)
  A hydra (Lair:3)
  Pikel (D:7)
  2 hill giants
  2 cyclopes
  An ugly thing (D:10)
  A griffon (Lair:4)
  A centaur zombie (D:10)
  Joseph (Lair:1)
  3 spiny frogs (Lair:3)
  A gargoyle (D:10)
  A fire drake (Lair:3)
  4 komodo dragons
  The ghost of urechis the Conjurer, an experienced GrWz (D:4)
  2 two-headed ogres (Volcano)
  Prince Ribbit (D:8)
  8 blink frogs (Lair:2)
  A trapdoor spider zombie (D:10)
  A wraith (D:11)
  A wyvern (D:9)
  3 sky beasts
  7 yaks
  A basilisk (Lair:2)
  5 fire bats (Volcano)
  A deep elf fighter (Volcano)
  Grum (D:8)
  8 wargs
  5 hippogriffs
  A steam dragon (D:9)
  Edmund (D:5)
  A porcupine (Lair:4)
  2 soldier ants (D:10)
  6 water moccasins
  4 wolves (D:8)
  A wasp (D:5)
  9 orc warriors
  A spider (D:10)
  4 ogres
  2 ice beasts
  A necrophage (D:6)
  A slave (D:7)
  A black bear (D:9)
  11 centaurs
  2 phantoms
  2 big kobolds
  5 crocodiles
  14 giant frogs
  14 killer bees
  4 scorpions
  2 jellies
  A quasit (D:8)
  2 electric eels (Lair:2)
  5 lava snakes (Volcano)
  6 crimson imps
  10 orc priests
  3 hounds
  A giant frog skeleton (D:10)
  15 orc wizards
  Jessica (D:2)
  13 worker ants
  Natasha (twice) (D:3)
  12 iguanas
  6 sheep (Lair:2)
  A killer bee zombie (D:9)
  2 worker ant zombies
  3 gnolls
  8 adders
  5 river rats (Lair:1)
  4 shadow imps
  3 oozes
  An adder zombie (D:8)
  3 worms
  An adder skeleton (D:4)
  6 giant geckos
  56 orcs
  16 bats
  5 bat skeletons
  6 giant cockroaches
  8 goblins
  14 hobgoblins
  2 quokkas
  2 ball pythons (D:1)
  4 giant newts
  17 jackals
  26 kobolds
  16 rats
  3 rat zombies (D:2)
  A butterfly (D:2)
445 creatures vanquished.

Vanquished Creatures (collateral kills)
  A hill giant (D:10)
  A freezing wraith (D:10)
  A blink frog (Lair:2)
  A yak (D:9)
  An orc priest (D:6)
  A gnoll (D:5)
  2 orcs (D:5)
8 creatures vanquished.

Vanquished Creatures (others)
  A yak (D:9)
  A slave (D:7)
  A phantom (D:7)
  A big kobold (D:7)
  A giant frog zombie (D:7)
  An orc wizard (D:3)
  A hobgoblin (D:7)
  3 kobolds (D:7)
  2 rats
  2 fungi
  A plant (Lair:1)
15 creatures vanquished.

Grand Total: 468 creatures vanquished

Notes
Turn   | Place    | Note
--------------------------------------------------------------
     0 | D:1      | karlkraus the Minotaur Fighter began the quest for the Orb.
     0 | D:1      | Reached XP level 1. HP: 19/19 MP: 0/0
    69 | D:1      | Reached XP level 2. HP: 10/27 MP: 1/1
    71 | D:1      | Reached skill level 4 in Shields
   396 | D:1      | Reached XP level 3. HP: 33/33 MP: 2/2
   815 | D:2      | Noticed Jessica
   828 | D:2      | Killed Jessica
   828 | D:2      | Reached skill level 1 in Dodging
   828 | D:2      | Reached XP level 4. HP: 37/41 MP: 3/3
  1124 | D:2      | Reached skill level 5 in Shields
  1267 | D:2      | Reached XP level 5. HP: 47/47 MP: 4/4
  1278 | D:2      | Found an ancient bone altar of Kikubaaqudgha.
  1375 | D:2      | Found a shimmering altar of Xom.
  1387 | D:2      | Became a worshipper of Xom of Chaos
  1691 | D:3      | XOM: silly message
  1923 | D:3      | Noticed Natasha
  1931 | D:3      | Killed Natasha
  1954 | D:3      | XOM: divination: detect creatures
  1997 | D:3      | Noticed Natasha
  2000 | D:3      | Killed Natasha
  2031 | D:4      | Reached XP level 6. HP: 53/53 MP: 5/5
  2043 | D:4      | Reached skill level 5 in Armour
  2108 | D:4      | Noticed urechis's ghost (experienced GrWz)
  2115 | D:4      | XOM: polymorph orc -> gnoll
  2120 | D:4      | Killed urechis's ghost
  2120 | D:4      | Reached skill level 5 in Fighting
  2120 | D:4      | Reached skill level 6 in Shields
  2120 | D:4      | Reached XP level 7. HP: 29/61 MP: 6/6
  2168 | D:4      | Found an iron altar of Okawaru.
  2234 | D:4      | XOM: confusion
  2330 | D:4      | Noticed an ogre
  2334 | D:4      | XOM: confusion (+ monsters)
  2340 | D:4      | XOM: enchant monster (bad)
  2343 | D:4      | XOM: summons 1 hostile demon
  2360 | D:4      | Killed an ogre
  2429 | D:4      | XOM: harmless Trmt miscast
  2598 | D:5      | Entered Level 5 of the Dungeon
  2629 | D:5      | Reached skill level 7 in Shields
  2629 | D:5      | Reached XP level 8. HP: 46/70 MP: 7/7
  2651 | D:5      | Found a staircase to the Ecumenical Temple.
  2652 | D:5      | Found a basalt altar of Yredelemnul.
  2840 | D:5      | XOM: colour smoke trail
  3009 | D:5      | Noticed Edmund
  3017 | D:5      | XOM: chaos cloud
  3018 | D:5      | XOM: divination: detect creatures
  3043 | D:5      | Killed Edmund
  3043 | D:5      | XOM: harmless Hex miscast
  3052 | D:5      | XOM: 3-stop teleportation journey
  3103 | D:5      | Found a shattered altar of Ashenzari.
  3103 | D:5      | Found a sparkling altar of Nemelex Xobeh.
  3234 | D:5      | XOM is BORED!
  3234 | D:5      | XOM: confusion (+ monsters)
  3246 | D:5      | Reached skill level 5 in Dodging
  3318 | D:5      | XOM: summons friendly quasit
  3390 | D:5      | Reached skill level 5 in Maces & Flails
  3741 | D:6      | XOM: colour smoke trail
  3776 | D:6      | Reached skill level 8 in Shields
  3935 | D:6      | XOM: cast spell 'Ice Form'
  4129 | D:6      | XOM: divination: detect creatures
  4240 | D:6      | Reached XP level 9. HP: 71/78 MP: 8/8
  4283 | D:6      | XOM: 6-stop teleportation journey
  4348 | D:6      | Found a sacrificial altar of Ru.
  4529 | D:6      | XOM: fake destruction
  4716 | D:6      | Found a white marble altar of Elyvilon.
  4761 | D:7      | Noticed Pikel
  4831 | D:7      | Reached skill level 9 in Shields
  4833 | D:7      | XOM: god gift: white potion
  4839 | D:7      | Killed Pikel
  4866 | D:6      | XOM: give mutations
  4866 | D:6      | Gained mutation: Your muscles are strong. (Str +2) [Xom's grace]
  4866 | D:6      | Gained mutation: You have a pair of large horns on your head. [Xom's grace]
  5077 | D:7      | XOM: summons friendly iron imp
  5080 | D:7      | Reached skill level 1 in Stealth
  5089 | D:7      | Found a glowing silver altar of Zin.
  5107 | D:7      | Gained mutation: Scrolls take you a little longer to read. [mutagenic meat]
  5108 | D:7      | Gained mutation: You occasionally shout uncontrollably at your foes. [mutagenic meat]
  5109 | D:7      | Gained mutation: You can spit weak poison. [mutagenic meat]
  5110 | D:7      | Gained mutation: You tend to lose your temper in combat. [mutagenic meat]
  5112 | D:7      | XOM: enchant monster (good)
  5173 | D:7      | Found a shadowy altar of Dithmenos.
  5176 | D:7      | Found Avieceul's Armour Emporium.
  5209 | D:7      | Found Lyxadir's Assorted Antiques.
  5213 | D:7      | XOM: vitrification
  5249 | D:7      | XOM: 1-stop teleportation journey
  5347 | D:7      | Bought a +1 plate armour of fire resistance for 385 gold pieces
  5448 | D:8      | XOM: vitrification
  5521 | D:8      | Reached skill level 10 in Shields
  5558 | D:8      | XOM: summons friendly crimson imp
  5566 | D:8      | Reached XP level 10. HP: 88/88 MP: 9/9
  5691 | D:8      | Found a bloodstained altar of Trog.
  5698 | D:8      | Noticed Prince Ribbit
  5708 | D:8      | Killed Prince Ribbit
  5839 | D:8      | Noticed Grum
  5839 | D:8      | XOM: summons friendly iron imp
  5848 | D:8      | Killed Grum
  6047 | D:8      | XOM: summons 3 hostile demons
  6213 | D:9      | XOM: repel stairs
  6223 | D:9      | Reached skill level 11 in Shields
  6225 | D:9      | XOM: blink monster(s)
  6227 | D:9      | XOM: summons friendly iron imp
  6230 | D:9      | XOM: god gift: bread ration
  6394 | D:8      | XOM: god gift: scroll of noise
  6594 | D:9      | XOM: colour smoke trail
  6682 | D:9      | XOM: cast spell 'Ice Form'
  6723 | D:9      | XOM: god gift: 13 gold pieces
  6923 | D:9      | XOM: god gift: long smoking rod {god gift}
  7264 | D:9      | XOM: give mutations
  7264 | D:9      | Gained mutation: You sometimes yell uncontrollably at your foes. [Xom's mischief]
  7264 | D:9      | Lost mutation: You can spit weak poison. [Xom's mischief]
  7264 | D:9      | Gained mutation: You are frail (-10% HP). [Xom's mischief]
  7264 | D:9      | Gained mutation: Your body sometimes deteriorates upon taking damage. [Xom's mischief]
  7448 | D:10     | Entered Level 10 of the Dungeon
  7475 | D:10     | XOM: confuse monster(s)
  7485 | D:10     | Noticed a cyclops
  7488 | D:10     | XOM: summons 4 friendly demons
  7495 | D:10     | Killed a cyclops
  7495 | D:10     | Reached skill level 12 in Shields
  7505 | D:10     | XOM: swap monsters
  7508 | D:10     | Reached XP level 11. HP: 29/85 MP: 10/10
  7510 | D:10     | XOM: divination: magic mapping
  7526 | D:10     | XOM: swap monsters
  7550 | D:10     | Reached skill level 10 in Maces & Flails
  7573 | D:10     | Lost mutation: Your muscles are strong. (Str +2) [potion of cure mutation]
  7573 | D:10     | Lost mutation: You tend to lose your temper in combat. [potion of cure mutation]
  7573 | D:10     | Lost mutation: Your body sometimes deteriorates upon taking damage. [potion of cure mutation]
  7573 | D:10     | Lost mutation: You sometimes yell uncontrollably at your foes. [potion of cure mutation]
  7573 | D:10     | Lost mutation: You are frail (-10% HP). [potion of cure mutation]
  7611 | D:10     | Noticed a cyan ugly thing
  7633 | D:10     | XOM: enchant monster (bad)
  7638 | D:10     | XOM: chaos cloud
  7639 | D:10     | Paralysed by you for 4 turns
  7643 | D:10     | XOM: noise
  7648 | D:10     | Killed a red ugly thing
  7661 | D:10     | Lost mutation: Scrolls take you a little longer to read. [potion of mutation]
  7661 | D:10     | Gained mutation: You have large cloven feet. [potion of mutation]
  7661 | D:10     | Gained mutation: You are surrounded by a mild repulsion field (EV +2). [potion of mutation]
  7702 | D:10     | Gained mutation: You are partially covered in large bone plates (AC +2, SH +2). [mutagenic meat]
  7895 | D:10     | XOM: cast spell 'Death Channel'
  7978 | D:10     | Noticed a hill giant
  7991 | D:10     | Killed a hill giant
  8191 | D:10     | XOM: summons friendly crimson imp
  8268 | D:10     | Noticed a hill giant
  8284 | D:10     | Killed a hill giant
  8296 | D:10     | Reached skill level 13 in Shields
  8319 | D:10     | Gained mutation: You tend to lose your temper in combat. [mutagenic meat]
  8320 | D:10     | Gained mutation: You possess an exceptional clarity of mind. [mutagenic meat]
  8321 | D:10     | Gained mutation: You can spit weak poison. [mutagenic meat]
  8322 | D:10     | Lost mutation: You have a pair of large horns on your head. [mutagenic meat]
  8323 | D:10     | Gained mutation: Your mind is acute. (Int +2) [mutagenic meat]
  8535 | D:10     | XOM: chaos cloud
  8622 | D:11     | Noticed a hill giant
  8624 | D:11     | XOM: harmless Divn miscast
  8631 | D:11     | XOM: enchant monster (bad)
  8636 | D:11     | XOM: 3-stop teleportation journey
  8652 | D:11     | XOM: summons 3 hostile demons
  8718 | D:11     | XOM: god gift: scroll labeled POWKAT XAEKE
  8722 | D:11     | Identified a scroll of acquirement
  8723 | D:11     | Got a pair of twisted gloves
  8729 | D:11     | Identified the +2 pair of gloves of Divine Compulsion {+Inv Int+2 Dex+4} (You acquired it on level 11 of the Dungeon)
  8766 | D:11     | XOM: 6-stop teleportation journey
  8772 | D:11     | Found a staircase to the Lair.
  8804 | D:11     | XOM: fake destruction
  8812 | D:11     | XOM: summons 2 friendly demons
  8857 | D:11     | XOM: silly message
  8881 | D:11     | XOM: harmless Chrm miscast
  8909 | D:11     | Killed a hill giant
  8914 | D:11     | XOM: potion effect (berserk rage)
  9468 | D:11     | Found a staircase to the Orcish Mines.
  9490 | D:11     | XOM: harmless Erth miscast
  9771 | Lair:1   | Entered Level 1 of the Lair of Beasts
  9776 | Lair:1   | XOM: harmless Air miscast
  9777 | Lair:1   | Reached skill level 14 in Shields
  9868 | Lair:1   | XOM: harmless Hex miscast
  9936 | Lair:1   | Noticed Joseph
  9943 | Lair:1   | XOM: potion effect (heal wounds)
  9961 | Lair:1   | Reached skill level 10 in Fighting
  9964 | Lair:1   | XOM: silly message
  9971 | Lair:1   | XOM: harmless Divn miscast
  9974 | Lair:1   | Killed Joseph
  9974 | Lair:1   | Reached XP level 12. HP: 83/106 MP: 11/11
 10122 | Lair:1   | XOM: divination: detect creatures
 10146 | Lair:2   | XOM: harmless Air miscast
 10154 | Lair:2   | Found a stormy altar of Qazlal.
 10212 | Lair:2   | XOM: confuse monster(s)
 10229 | Lair:2   | XOM: give mutations
 10229 | Lair:2   | Gained mutation: You are clumsy. (Dex -2) [Xom's mischief]
 10229 | Lair:2   | Lost mutation: You possess an exceptional clarity of mind. [Xom's mischief]
 10279 | Lair:2   | XOM: noise
 10366 | Lair:2   | XOM: enchant monster (bad)
 10370 | Lair:2   | XOM: mild Summ miscast
 10372 | Lair:2   | XOM: chaos cloud
 10389 | Lair:2   | XOM: noise
 10392 | Lair:2   | XOM: chaos cloud
 10953 | Lair:3   | XOM: summons 5 hostile shadow creatures
 11001 | Lair:3   | Found a staircase to the Snake Pit.
 11011 | Lair:3   | Noticed a six-headed hydra
 11023 | Lair:3   | Killed a six-headed hydra
 11029 | Lair:3   | Found a frozen archway.
 11042 | IceCv    | Entered an ice cave
 11054 | IceCv    | XOM: enchant monster (bad)
 11055 | IceCv    | XOM: swap monsters
 11056 | IceCv    | XOM: give mutations
 11056 | IceCv    | Gained mutation: You can spit poison. [Xom's mischief]
 11056 | IceCv    | Lost mutation: You are clumsy. (Dex -2) [Xom's mischief]
 11056 | IceCv    | Lost mutation: You are partially covered in large bone plates (AC +2, SH +2). [Xom's mischief]
 11056 | IceCv    | Gained mutation: Your body sometimes deteriorates upon taking damage. [Xom's mischief]
 11058 | IceCv    | XOM: medium Pois miscast
 11066 | IceCv    | XOM: summons friendly shadow imp
 11069 | IceCv    | XOM: enchant monster (bad)
 11073 | IceCv    | HP: 2/108 [something (10)]
 11077 | IceCv    | XOM: confuse monster(s)
 11447 | Lair:3   | Found a dark tunnel.
 11460 | Volcano  | Entered a volcano
 11575 | Volcano  | XOM: harmless Divn miscast
 11691 | Volcano  | Noticed a red draconian
 11694 | Volcano  | Found a radiant altar of Vehumet.
 11707 | Volcano  | Killed a red draconian
 11707 | Volcano  | Reached skill level 15 in Shields
 11842 | Volcano  | Lost mutation: You occasionally shout uncontrollably at your foes. [potion of mutation]
 11842 | Volcano  | Lost mutation: Your body sometimes deteriorates upon taking damage. [potion of mutation]
 12070 | Lair:3   | XOM: harmless Divn miscast
 12121 | Lair:4   | XOM: noise
 12135 | Lair:4   | Noticed Snorg
 12145 | Lair:4   | XOM: divination: detect creatures
 12155 | Lair:4   | XOM: mild Fire miscast
 12160 | Lair:4   | XOM: cast spell 'Summon Butterflies'
 12164 | Lair:4   | HP: 3/110 [Snorg (9)]
 12165 | Lair:4   | Slain by Snorg

Vault maps used:
D:1:      ncdulo_halloftheorcs, dk_noncrumbling_4
D:2:      xom_butterflies, lemuel_zombie_altar_kikubaaqudgha, first_bread,
          uniq_jessica
D:3:      uniq_natasha
D:4:      okawaru_trees_2, minmay_misc_feat_chi
D:5:      nicolae_overflow_hidden_temple, gammafunk_temple_overflow_statue,
          temple_statues, uniq_edmund
D:6:      lemuel_crystal_altar, lemuel_doored_altar, kennysheep_small_spiral
D:7:      lemuel_crystal_altar, grunt_dithmenos_smoke_and_mirrors, serial_shops,
          kennysheep_mini_moat, nicolae_shop_trees, uniq_pikel
D:8:      nicolae_overflow_crystal_walls, uniq_grum, uniq_prince_ribbit1
D:10:     minmay_distorted_concentric_squares, hangedman_pestilent_swarm,
          nooodl_orcs_dogs
D:11:     lair_0_dummy, david_orc_1_choice
Lair:1:   forest_paths, patterned_corridor, uniq_joseph
Lair:2:   basic_altar, infiniplex_staircase_pool
Lair:3:   dummy_snake_entry, enter_volcano_3, portal_ice_cave_entry_pillars_03
Lair:4:   lemuel_oklob_altar, grunt_megastairs_4, uniq_snorg
IceCv:    ice_cave_tombish
Volcano:  volcano_grotto

Action                   |  1- 3 |  4- 6 |  7- 9 | 10-12 || total
-------------------------+-------+-------+-------+-------++-------
Melee: Flail             |    73 |       |   325 |   923 ||  1321
       Club              |       |   151 |   152 |       ||   303
       Unarmed           |       |       |     5 |     4 ||     9
       Rod               |       |       |       |    95 ||    95
Evoke: Wand              |       |       |     7 |     2 ||     9
  Use: Potion            |       |     4 |     1 |     7 ||    12
       Scroll            |       |     1 |     9 |    24 ||    34
 Stab: Distracted        |       |       |     1 |       ||     1
       Confused          |       |       |       |     4 ||     4
       Invisible         |       |       |       |     2 ||     2
  Eat: Chunk             |       |     4 |    16 |    26 ||    46
       Pizza             |       |       |       |     2 ||     2
       Royal jelly       |       |       |       |     1 ||     1
       Fruit             |       |       |       |     1 ||     1
